 Dungeon Crawl Stone Soup version 0.28.0 (webtiles) character file.

Game seed: 7507455795305779986

26 Flippered the Chopper (level 2, 0/28 HPs)
             Began as a Deep Dwarf Fighter on Feb 18, 2022.
             Slain by Sigmund (8 damage)
             ... on level 2 of the Dungeon.
             The game lasted 00:01:35 (718 turns).

Flippered the Chopper (Deep Dwarf Fighter)           Turns: 718, Time: 00:01:36

Health: 0/28       AC:  6    Str: 19    XL:     2   Next: 89%
Magic:  2/2        EV:  9    Int:  8    God:
Gold:   25         SH:  4    Dex: 12    Spells: 1/1 levels left

rFire   . . .      SeeInvis .   a - +0 war axe
rCold   . . .      Faith    .   c - +0 buckler
rNeg    . . .      Spirit   .   b - +0 scale mail
rPois   .          Reflect  .   (no helmet)
rElec   .          Harm     .   (no cloak)
rCorr   .          Rampage  .   (no gloves)
Will    .....                   (no boots)
Stlth   ..........              (no amulet)
HPRegen 0.00/turn               (no ring)
MPRegen 0.08/turn               (no ring)

@: mighty
A: damage resistance, heal wounds, sense surroundings 1, no regeneration
a: Heal Wounds


You were on level 2 of the Dungeon.
You visited 1 branch of the dungeon, and saw 2 of its levels.

You collected 25 gold pieces.

Inventory:

Hand Weapons
 a - a +0 war axe (weapon)
Armour
 b - a +0 scale mail (worn)
 c - a +0 buckler (worn)
Scrolls
 e - a scroll of amnesia {unknown}
Potions
 d - a potion of might
 f - a potion of mutation {unknown}


   Skills:
 + Level 3.0 Fighting
 * Level 3.4 Axes
 - Level 3.2 Armour
 - Level 3.2 Shields


You had one spell level left.
You didn't know any spells.
Your spell library was empty.

Dungeon Overview and Level Annotations

Branches:
Dungeon (2/15)

Altars:

Annotations:
D:2 Sigmund


Innate Abilities, Weirdness & Mutations

You are resistant to damage.
You can heal yourself by infusing magical energy.
You passively map a small area around you.
You do not regenerate.


Message History

The ball python barely misses you. You block the ball python's attack.
Sigmund hits you with a +0 scythe!
You completely miss Sigmund.
Sigmund is heavily wounded.
You slash the ball python!
You kill the ball python!
You barely miss the jackal. The jackal barely misses you.
You barely miss Sigmund.
Sigmund is heavily wounded.
You closely miss the jackal. You barely miss the jackal.
Sigmund casts a spell at you. You resist with some effort.
The jackal closely misses you.
A jackal comes into view.
The jackal bites you but does no damage.
The jackal closely misses you. Sigmund closely misses you.
The jackal closely misses you.
You closely miss Sigmund.
Sigmund is heavily wounded.
You closely miss the jackal.
The jackal barks!
You slash the jackal!
You kill the jackal!
You slash the jackal!
You kill the jackal!
You block the jackal's attack. The jackal bites you.
Sigmund casts a spell.
Sigmund flickers and vanishes!
Deactivating autopickup; reactivate with Ctrl-A.
You closely miss something. You hit the jackal.
You kill the jackal!
The jackal closely misses you. Something hits you!
* * * LOW HITPOINT WARNING * * *
Unknown command.
You closely miss something. You barely miss the jackal.
You block the jackal's attack. The jackal closely misses you.
Something hits you.
Unknown command.
You miss something. You barely miss the jackal.
The jackal closely misses you. x2
Something hits you!
You die...

, , * , *
*#########
........#######
* #...<.....# *
#####.h†......##
* ,,
......†@........
######{#####.#.#
* , #S *,# # *
#. , , * , * #.
, , #. * * , ,
#. ,, #. *


You could see a jackal and a ball python.

Vanquished Creatures
  A dart slug (D:1)
  A bat (D:1)
  3 endoplasms (D:1)
  2 goblins (D:1)
  3 jackals (D:2)
  A kobold (D:1)
  2 quokkas (D:1)
  3 ball pythons
  3 frilled lizards (D:1)
  3 rats (D:1)
22 creatures vanquished.

Vanquished Creatures (others)
  2 plants (D:1)
2 creatures vanquished.

Grand Total: 24 creatures vanquished

Notes
Turn   | Place    | Note
-------+----------+-------------------------------------------
     0 | D:1      | Flippered the Deep Dwarf Fighter began the quest for the
                  | Orb.
     0 | D:1      | Reached XP level 1. HP: 20/20 MP: 1/1
   338 | D:1      | Found a faded altar of an unknown god.
   362 | D:1      | Reached XP level 2. HP: 27/27 MP: 2/2
   704 | D:2      | Noticed Sigmund
   718 | D:2      | Slain by Sigmund

Illustrated notes

Levels and vault maps discovered:
D:1:      dpeg_arrival_leaves_temple_mockup, layout_loops_ring,
          shapermc_ecumenical_altar_mp_urbaneastern
D:2:      layout_loops_ring, uniq_sigmund

Skill      XL: |  1  2 |
---------------+-------+-----
Axes           | 3 |  3.4
Fighting       | 3 |  3.0
Armour         | |  3.2
Shields        | |  3.2

Action                   || total
-------------------------++-------
Melee: War axe           ||    55
  Use: Potion            ||     1
Armor: Scale mail        ||    22
Dodge: Dodged            ||    33
Block: Buckler           ||    13
